 Dungeon Crawl Stone Soup version 0.31.0-9-g3a7656b989 (webtiles) character file.

Game seed: 9646272325456892683

3780 Eitelfritz the Carver (level 9, -2/79 HPs)
             Began as a Minotaur Gladiator on Feb 3, 2024.
             Was a High Priest of Jiyva.
             Slain by a hellwing (8 damage)
             ... summoned by an orc high priest
             ... in a bailey.
             The game lasted 00:11:35 (5077 turns).

Eitelfritz the Carver (Minotaur Gladiator)          Turns: 5077, Time: 00:11:35

Health: -2/79      AC:  5    Str: 19    XL:     9   Next: 95%
Magic:  8/8        EV: 17    Int:  9    God:    Jiyva [*****.]
Gold:   206        SH:  0    Dex: 12    Spells: 8/8 levels left

rFire   . . .        a - +3 great sword
rCold   + + .        (shield currently unavailable)
rNeg    . . .        k - +0 scale mail
rPois   .            c - +0 hat
rElec   .            (no cloak)
rCorr   +            (no gloves)
SInv    .            (boots unavailable)
Will    .....        (no amulet)
Stlth   +            o - +5 ring of evasion
HPRegen 1.77/turn    (no ring)
MPRegen 0.83/turn

%: no passive effects
@: no status effects
A: horns 2, retaliatory headbutt, hooves 3, cold resistance 2, pseudopods 1,
tendrils, engulf
a: Renounce Religion, Oozemancy, Slimify


You were in a bailey.
You worshipped Jiyva.
Jiyva was extremely pleased with you.
You visited 2 branches of the dungeon, and saw 8 of its levels.
You also visited: Bailey.

You collected 206 gold pieces.

Inventory:

Hand Weapons
 a - a +3 great sword (weapon)
 b - a +0 arbalest
 j - a +0 long sword
 m - a +0 flail of protection
 q - a +0 morningstar
 r - a +0 sling
Missiles
 d - 3 throwing nets (quivered)
 e - a javelin
 s - a curare-tipped dart
Armour
 c - a +0 hat (worn)
 h - a +0 leather armour
 k - a +0 scale mail (worn)
 n - a +0 chain mail
 t - a +0 plate armour
Jewellery
 g - a ring of fire
 o - a +5 ring of evasion (left hand)
 p - the Hermit's Pendant {Faith Invo=14 Evo=0 MP+5}
   (You found it on level 3 of the Dungeon)

   [amulet of faith]

   Invo=14: It sets your Invocations skill to 14.
   Evo=0: It sets your Evocations skill to 0.
   Faith:     It allows you to gain divine favour quickly.
   MP+5:      It affects your magic capacity (+5).
Potions
 f - a potion of attraction
 l - a potion of curing {unknown}


   Skills:
 + Level 7.4 Fighting
 + Level 11.4 Long Blades
 + Level 2.3 Throwing
 + Level 8.6 Armour
 + Level 6.4 Dodging
 + Level 2.3 Stealth


You had 8 spell levels left.
You didn't know any spells.
Your spell library contained the following spells:

 Spells                   Type           Power      Damage    Failure   Level
 Leda's Liquefaction      Alch/Erth      0%         N/A       100%        4
 Lee's Rapid Deconstruct  Erth           0%         3d4*      100%        5
 Bombard                  Conj/Erth      0%         9d1       100%        6


Dungeon Overview and Level Annotations

Branches:
Dungeon (7/15)             Temple (1/1) D:4          Bailey (1/1)

Altars:
Ashenzari
Cheibriados
Dithmenos
Elyvilon
Kikubaaqudgha
Makhleb
Nemelex Xobeh
Qazlal
Ru
Sif Muna
Trog
Vehumet
Wu Jian
Yredelemnul
Zin
Jiyva

Shops:
D:6 *


Innate Abilities, Weirdness & Mutations

You have a pair of horns on your head.
You reflexively headbutt those who attack you in melee.
You have hooves in place of feet.
Your flesh is very cold resistant. (rC++)
Armour fits poorly on your pseudopods.
You are covered in slimy tendrils that may disarm your opponents.
Your melee attacks may engulf your foes in ooze.


Message History

The orc warrior completely misses you.
The kobold demonologist casts a cantrip, but nothing happens.
The ufetubus completely misses you. You furiously retaliate!
You headbutt the ufetubus! The ufetubus completely misses you.
The hellwing misses you. The hellwing hits you.
Unknown command.
You hit the orc warrior.
You kill the orc warrior!
The ufetubus closely misses you. The ufetubus barely misses you.
The orc high priest says, "Oblivion to the unbeliever."
The hellwing hits you.
* * * LOW HITPOINT WARNING * * *
The hellwing misses you.
The quasit bites you but does no damage.
The quasit claws you but does no damage.
The quasit misses you. The ufetubus slips past you! The ufetubus misses you.
You furiously retaliate!
You headbutt the ufetubus!
You kill the ufetubus!
The ufetubus disappears in a puff of smoke!
You hit the quasit.
You engulf the quasit in ooze!
Your kick misses the quasit. Your headbutt misses the quasit.
The quasit is heavily wounded.
The quasit is asphyxiated!
The quasit misses you. You furiously retaliate!
You headbutt the quasit!
You kill the quasit!
The quasit disappears in a puff of smoke!
The hellwing hits you.
* * * LOW HITPOINT WARNING * * *
The hellwing hits you.
* * * LOW HITPOINT WARNING * * *
Unknown command.
Found an iron altar of Okawaru.
The kobold demonologist begins to cast a cantrip, but forgets the words!
The orc high priest hits you with a +0 war axe!
* * * LOW HITPOINT WARNING * * *
The goblin hits you with a +0 hand axe.
* * * LOW HITPOINT WARNING * * *
The hellwing attacks as it pursues you! The hellwing closely misses you.
The hellwing hits you!
You die... #.8# #))# ._. ##)# ... #..# ##'## #..# #...# #..# #544# #..# #8o8# #..# #gKo#

#+#)##+###8@8#
#..[)#[[.#§4.#
#....#[[.#.[.# )#
###..######.######.
+........∩...J...
####~~†~~~~~~~~##
≈≈≈≈≈≈≈≈≈≈≈≈≈≈≈≈≈
≈≈≈≈≈≈≈≈≈≈≈≈≈≈≈≈≈≈
≈≈≈≈≈≈≈≈≈≈≈≈≈≈≈≈≈≈≈


You could see an orc high priest, a hellwing (summoned), a kobold demonologist,
2 chaos spawn, an orc warrior, a white imp (summoned) and a goblin.

Vanquished Creatures
  An orc knight (Bailey)
  Prince Ribbit (D:4)
  5 yaks (D:7)
  A steam dragon (D:6)
  Duvessa (D:5)
  2 water moccasins (D:6)
  5 orc warriors (Bailey)
  A sky beast (D:4)
  A black bear (D:3)
  An ogre (D:6)
  A kobold brigand (D:7)
  A phantom (D:4)
  A bullfrog (D:7)
  2 gnoll sergeants
  A water moccasin zombie (D:6)
  Dowan (D:5)
  4 wights (D:7)
  2 electric eels (Bailey)
  A bullfrog zombie (D:6)
  A centaur zombie (D:6)
  3 hounds
  An orc priest (D:5)
  2 iguanas
  7 orc wizards
  A killer bee zombie (D:6)
  Robin (D:4)
  13 gnolls
  3 adders
  2 ufetubi (D:6)
  A dart slug (D:1)
  12 orcs
  2 ball pythons
  3 bats
  2 endoplasms (D:1)
  5 giant cockroaches
  11 goblins
  9 hobgoblins
  3 quokkas
  A frilled lizard (D:3)
  7 kobolds
  3 rats
126 creatures vanquished.

Vanquished Creatures (others)
  An ogre (D:5)
  A phantom (D:5)
  Blork the orc (D:4)
  A scorpion (D:5)
  18 jellies
  A bullfrog zombie (D:6)
  5 hounds
  An orc priest (D:5)
  A howler monkey zombie (D:6)
  A gnoll (D:5)
  2 adders
  2 ufetubi (D:6)
  A dart slug (D:3)
  An endoplasm (D:3)
  7 orcs
  A giant cockroach (D:1)
  2 goblins
  A quokka (D:2)
  4 ball pythons
  3 bats
  A frilled lizard (D:2)
  2 kobolds
58 creatures vanquished.

Grand Total: 184 creatures vanquished

Notes
Turn   | Place    | Note
-------+----------+-------------------------------------------
     0 | D:1      | Eitelfritz the Minotaur Gladiator began the quest for the
                  | Orb.
     0 | D:1      | Reached XP level 1. HP: 18/18 MP: 0/0
   174 | D:1      | Reached skill level 4 in Long Blades
   278 | D:1      | Reached XP level 2. HP: 25/25 MP: 1/1
   312 | D:1      | Found a faded altar of an unknown god.
   322 | D:1      | Prayed at the altar of an unknown god.
   322 | D:1      | Became a worshipper of Jiyva Jaedoyg the Shapeless
   322 | D:1      | Reached * piety under Jiyva
   861 | D:2      | Reached ** piety under Jiyva
  1470 | D:3      | Reached XP level 3. HP: 30/30 MP: 2/2
  1483 | D:3      | Found a shadowy altar of Dithmenos.
  1708 | D:3      | Reached skill level 1 in Armour
  1770 | D:3      | Noticed a black bear
  1781 | D:3      | Killed a black bear
  1782 | D:3      | Reached skill level 5 in Long Blades
  1782 | D:3      | Reached XP level 4. HP: 19/38 MP: 3/3
  1782 | D:3      | Reached XP level 5. HP: 22/45 MP: 4/4
  1993 | D:3      | Reached *** piety under Jiyva
  1999 | D:3      | Found a faded altar of an unknown god.
  1999 | D:3      | Found the Hermit's Pendant {Faith Invo=14 Evo=0 MP+5}
  2309 | D:4      | Noticed a sky beast
  2317 | D:4      | Killed a sky beast
  2318 | D:4      | Reached skill level 6 in Long Blades
  2318 | D:4      | Reached XP level 6. HP: 19/51 MP: 5/5
  2447 | D:4      | Noticed Robin
  2459 | D:4      | Killed Robin
  2582 | D:4      | Reached **** piety under Jiyva
  2825 | D:4      | Noticed Blork the orc
  2828 | D:4      | Killed Blork the orc
  2841 | D:4      | Found a staircase to the Ecumenical Temple.
  3038 | D:4      | Gained mutation: You are covered in slimy tendrils that may
                  | disarm your opponents. [Jiyva's grace]
  3038 | D:4      | Gained mutation: Your melee attacks may engulf your foes in
                  | ooze. [Jiyva's grace]
  3038 | D:4      | Gained mutation: Your flesh is cold resistant. (rC+)
                  | [Jiyva's grace]
  3038 | D:4      | Gained mutation: Your flesh is very cold resistant. (rC++)
                  | [Jiyva's grace]
  3049 | Temple   | Entered the Ecumenical Temple
  3049 | Temple   | Noticed an ice devil
  3049 | Temple   | Noticed a Brimstone Fiend
  3049 | Temple   | Noticed a hell beast
  3050 | Temple   | Noticed Xennu the pandemonium lord
  3050 | Temple   | Noticed Piuse the pandemonium lord
  3050 | Temple   | Noticed a hellwing
  3050 | Temple   | Noticed a soul eater
  3070 | Temple   | Noticed a sun demon
  3071 | Temple   | Noticed an orange demon
  3071 | Temple   | Noticed a Hell Sentinel
  3071 | Temple   | Noticed Zashruid the pandemonium lord
  3071 | Temple   | Noticed a soul eater
  3072 | Temple   | Noticed Umeguc the pandemonium lord
  3174 | D:5      | Entered Level 5 of the Dungeon
  3207 | D:5      | Reached skill level 1 in Stealth
  3269 | D:5      | Noticed Prince Ribbit
  3275 | D:4      | HP: 2/52 [gnoll sergeant (7)]
  3332 | D:4      | Killed Prince Ribbit
  3333 | D:4      | Reached skill level 7 in Long Blades
  3333 | D:4      | Reached XP level 7. HP: 60/60 MP: 6/6
  3480 | D:5      | Noticed Duvessa
  3492 | D:5      | Killed Duvessa
  3502 | D:5      | Noticed Dowan
  3505 | D:5      | Killed Dowan
  3506 | D:5      | Reached skill level 5 in Fighting
  3506 | D:5      | Reached skill level 8 in Long Blades
  3540 | D:5      | Reached XP level 8. HP: 57/68 MP: 7/7
  3553 | D:5      | Reached skill level 5 in Dodging
  3559 | D:5      | Reached skill level 5 in Armour
  4231 | D:6      | Found Yreprofi's General Store.
  4361 | D:6      | Reached skill level 9 in Long Blades
  4394 | D:6      | Found a basalt altar of Yredelemnul.
  4395 | D:6      | Reached ***** piety under Jiyva
  4657 | D:7      | Reached XP level 9. HP: 75/75 MP: 8/8
  4676 | D:7      | Reached skill level 10 in Long Blades
  4841 | D:7      | Found a radiant altar of Vehumet.
  4869 | D:7      | Gained mutation: You have large cloven feet. [Jiyva's
                  | grace]
  4869 | D:7      | Gained mutation: You have hoof-like feet. [Jiyva's grace]
  4869 | D:7      | Gained mutation: You have hooves in place of feet. [Jiyva's
                  | grace]
  4869 | D:7      | Gained mutation: Armour fits poorly on your pseudopods.
                  | [Jiyva's grace]
  4892 | D:7      | Found a flagged portal.
  4903 | Bailey   | Entered a bailey
  4929 | Bailey   | Noticed an orc knight
  4956 | Bailey   | Killed an orc knight
  5000 | Bailey   | Reached skill level 11 in Long Blades
  5059 | Bailey   | Noticed a kobold demonologist
  5063 | Bailey   | Noticed an orc high priest
  5065 | Bailey   | Noticed a hellwing
  5077 | Bailey   | Found an iron altar of Okawaru.
  5077 | Bailey   | Slain by a hellwing

Illustrated notes

Levels and vault maps discovered:
D:1:      onia_arrival_mini_spirals, layout_basic,
          hellmonk_ecumenical_altar_run_dry
D:2:      layout_basic, minmay_misc_feat_chi, minmay_door_square,
          kennysheep_generic_room_8
D:3:      layout_basic, mainiacjoe_overflow_chevrons,
          hellmonk_guarded_unrand_hermit
D:4:      layout_loops_ring, lemuel_temple_firewalk_b, serial_aquarium,
          aquarium_bridge_square [aquarium_subvault_window,
          aquarium_subvault_bridge, aquarium_subvault_window,
          aquarium_subvault_bridge], aquarium_window_corridor_3,
          aquarium_window_2, aquarium_window_fake, aquarium_view_2a,
          aquarium_view_2d, uniq_robin, uniq_blork_the_orc
D:5:      minmay_general_purpose_star, layout_rooms, uniq_prince_ribbit1,
          uniq_duvessa
D:6:      layout_basic, nicolae_yredelemnul_corpse_copse, serial_shops, shop,
          lemuel_flamethrower_1
D:7:      layout_loops_cross, fiery_altar_vehumet, enter_bailey_2
Temple:   nicolae_temple_panitentiary
Bailey:   bailey_axe_of_yendor_kennysheep, bailey

Skill      XL: |  1  2  3  4  5  6  7  8  9 |
---------------+----------------------------+-----
Long Blades    | 4 5 6 7 8 9 11 | 11.4
Armour         | 2 3 4 7 8 |  8.6
Fighting       | 3 4 5 6 7 |  7.4
Dodging        | 4 6 |  6.4
Stealth        | 1 2 |  2.3
Throwing       | |  2.3

Action                     |  1- 3 |  4- 6 |  7- 9 || total
---------------------------+-------+-------+-------++-------
  Melee: Long sword        |    47 |    71 |   182 ||   300
         Headbutt          |     4 |    15 |    52 ||    71
         Punch             |       |     1 |     2 ||     3
         Great sword       |       |       |    59 ||    59
         Kick              |       |       |    11 ||    11
         Pseudopods        |       |       |     7 ||     7
    Use: Scroll            |       |     5 |     4 ||     9
         Potion            |       |       |     1 ||     1
   Stab: Sleeping          |       |     1 |       ||     1
 Armour: Leather armour    |    26 |    36 |       ||    62
         Scale mail        |       |     8 |   173 ||   181
  Dodge: Dodged            |    41 |    62 |   216 ||   319
